Yev-Ruu, chaotic female vampiric Convict ----------- ---------- |.........| ----- ---------------- |........| #-.........|#####-<..| |..............| |.(......-######|.........-# |....# ##-..............| |........| -------.--- ##-...|# # |>.............| -------.-- # # -----# % ----------|----- # # # #[# # % # ### # # # # # # # ### # # ### # # ) # # # # [ # #--------# ### ------.----- ##^ # @|%.....|# # |......<...| --.---# #S......|# --|-- |..........-# |.....# |.S....|# |...| |......(...|#########.....| |......|# |)[)| |..........| |....| |......-# |)).| |..........| ------ -------- |))%| |..........| |)))| ------------ ----- Yev-Ruu the Jail-bird Experience level: 8 Strength: 16 Dexterity: 11 Constitution: 19 Intelligence: 11 Wisdom: 8 Charisma: 10 Health: 0(80) Energy: 52(52) AC: 6 Gold: 1005 Moves: 2785 Your Inventory: Coins $ - 1005 gold pieces Armor b - a cursed +0 striped shirt (being worn) j - a [blessed] +1 hooded cloak [dwarvish] m - an [uncursed] +1 large round shield [dwarvish roundshield] (being worn) v - an [uncursed] +0 leather hat [elven leather helm] (being worn) w - an [uncursed +0] mummy wrapping y - a cursed +0 hooded cloak [of fumbling (dwarvish)] (being worn) z - a cursed -1 pair of jumping boots (being worn) Potions u - a [cursed] magenta potion [of restore ability] Rings g - a [cursed] coral ring [of polymorph] r - an [uncursed] bronze ring [of teleport control] Wands x - an [uncursed] wand of light [0:12] Gems d - an [uncursed] red gem [garnet] o - an [uncursed] green gem [worthless glass] Spells known in the end: Name Level Category Fail Memory Your skills at the end: Fighting Skills Weapon Skills sling [Basic / Skilled] Spellcasting Skills Final Attributes: You were piously aligned. Hunger level was 266. Your alignment was 23 / 23. Monster difficulty range was 1 - 7. Level difficulty was 6. You were immune to poison. You were immune to level-drain. You were immune to sickness. You fumbled. You could jump. You could fly. You could survive without air. You regenerated. Your luck was zero. You are dead. Vanquished creatures: a black pudding a small mimic a quivering blob a leprechaun a dwarf mummy a dog a dwarf lord a snake 2 water moccasins an ape a Woodland-elf 2 soldier ants a rock piercer a rock mole a violet fungus 2 gnome lords a gnomish wizard a gray ooze a straw golem 3 giant ants a floating eye a kitten 2 dwarves a kobold shaman 2 hill orcs a giant bat a dwarf zombie 2 killer bees an acid blob a hobbit a giant rat a cave spider 10 gnomes 2 garter snakes a gnome zombie a gecko 2 jackals 2 foxes a kobold 2 goblins 2 sewer rats 5 grid bugs 6 lichens 2 kobold zombies 3 newts 79 creatures vanquished. Voluntary challenges: You went without food. You never hit with a wielded weapon. You read items or engraved 4 times. You put on armor 11 times. You never genocided any monsters. You never polymorphed an object. You never changed form. You used no wishes. You abstained from Elbereth's help. You never encountered a bones level. You never used any Sokoban shortcuts. Dungeon overview: The Dungeons of Doom: levels 1 to 7 Level 1 a fountain, a sink a long staircase Level 3 a fountain Level 4 stairs to The Gnomish Mines Level 5 many fountains Level 6 <- You were here a weapon shop stairs to Sokoban The Gnomish Mines: Level 5 stairs to The Dungeons of Doom Sokoban: Level 5 (It's another "Tung forgot to put a magic chest in sokoban" epis) stairs to The Dungeons of Doom History has recorded: On T:1 you entered the Dungeons of Doom to retrieve the Amulet of Yendor! On T:96 you advanced to experience level 2. On T:214 you advanced to experience level 3. On T:442 you reached level 2 of The Dungeons of Doom. On T:462 you reached level 3 of The Dungeons of Doom. On T:912 you advanced to experience level 4. On T:1104 you reached level 4 of The Dungeons of Doom. On T:1139 you reached level 1 of The Gnomish Mines. On T:1157 you advanced to experience level 5. On T:1347 you advanced to experience level 6. On T:1765 you reached level 5 of The Dungeons of Doom. On T:1874 you advanced to experience level 7. On T:1947 you reached level 6 of The Dungeons of Doom. On T:2350 you reached level 3 of Sokoban. On T:2610 you reached level 7 of The Dungeons of Doom. On T:2778 you advanced to experience level 8. Latest messages: The water moccasin just misses! The water moccasin bites! [HP-5=17] You miss the water moccasin. (2x) The water moccasin bites! [HP-2=15] You miss the water moccasin. (2x) The water moccasin bites! [HP-4=11] You miss the water moccasin. (2x) The water moccasin bites! [HP-2=9] You miss the water moccasin. (2x) The water moccasin bites! The water moccasin just misses! [HP-5=4] You miss the water moccasin. (2x) The water moccasin bites! [HP-1=3] The water moccasin bites! You die... Final status: Goodbye Yev-Ruu the Convict... You died in The Dungeons of Doom on dungeon level 6 with 5925 points, and 1005 pieces of gold, after 2785 moves. You were level 8 with a maximum of 80 hit points when you died.